 Dungeon Crawl Stone Soup version 0.30-a0-1074-g5db6f66fbb (webtiles) character file.

Game seed: 702851927686101879

17049 Arzdou the Basher (level 12, -3/114 HPs)
             Began as a Gargoyle Fighter on Apr 13, 2023.
             Was a High Priest of Okawaru.
             Slain by Urug
             ... wielding a +3 glaive of protection
              (23 damage)
             ... on level 2 of the Lair of Beasts.
             The game lasted 00:31:51 (12049 turns).

Arzdou the Basher (Gargoyle Fighter)               Turns: 12049, Time: 00:31:51

Health: -3/114     AC: 27    Str: 28    XL:     12   Next: 43%
Magic:  13/14      EV:  9    Int:  6    God:    Okawaru [*****.]
Gold:   925        SH: 12    Dex:  9    Spells: 11/11 levels left

rFire   + + .      SeeInvis +    s - +10 whip "Lubrapt" {freeze, +Blink Str+3 Int-3 SInv}
rCold   + . .      Faith    +    y - +0 kite shield
rNeg    + . .      Spirit   .    g - +0 plate armour
rPois   ∞          Reflect  .    (no helmet)
rElec   +          Rampage  .    F - scarf {rC+ rF+}
rCorr   .                        (no gloves)
Will    +....                    z - +0 pair of boots Stlth
                                 r - amulet of faith
HPRegen 0.39/turn                h - ring of willpower
MPRegen 0.14/turn                m - ring of protection from fire

@: berserking, heroic, very quick
A: sickness immunity, AC +8, negative energy resistance 1, electricity
resistance, torment resistance 1, petrification resistance
a: Renounce Religion, Evoke Blink, Heroism, Finesse, Duel


You were on level 2 of the Lair of Beasts.
You worshipped Okawaru.
Okawaru was extremely pleased with you.
You visited 3 branches of the dungeon, and saw 14 of its levels.
You also visited: Ice Cave.

You collected 925 gold pieces.

Inventory:

Hand Weapons
 a - a +0 flail
 s - the +10 whip "Lubrapt" (weapon) {freeze, +Blink Str+3 Int-3 SInv}
   (You found it on level 3 of the Dungeon)

   Str:       It affects your strength (+3).
   Int:       It affects your intelligence (-3).
   SInv:      It lets you see invisible.
   +Blink:    It lets you blink.
 Q - the +2 morningstar of Tortfeasance {freeze, rN+ Will- Int+3}
   (Okawaru gifted it to you on level 1 of the Lair of Beasts)

   Int:       It affects your intelligence (+3).
   rN:        It protects you from negative energy.
   Will:      It decreases your willpower.
Missiles
 t - 2 throwing nets (quivered)
Armour
 b - a +0 scale mail
 c - a +0 buckler
 g - a +0 plate armour (worn)
 y - a +0 kite shield (worn)
 z - a +0 pair of boots (worn)
 F - a scarf of resistance (worn)
Jewellery
 d - the ring of Dahocrom {rC+ Int+5 SInv}
   (You found it on level 9 of the Dungeon)

   [ring of see invisible]

   Int:       It affects your intelligence (+5).
   rC:        It protects you from cold.
   SInv:      It lets you see invisible.
 h - a ring of willpower (left hand)
 m - a ring of protection from fire (right hand)
 p - an amulet of regeneration
 r - an amulet of faith (around neck)
 C - an amulet of magic regeneration
 K - a +4 ring of protection
 N - a +4 ring of protection
 S - a ring of willpower
Wands
 J - a wand of digging (5)
 L - a wand of light (3)
 R - a wand of mindburst (19)
Scrolls
 e - 10 scrolls of identify
 i - 3 scrolls of fear
 k - a scroll of poison {unknown}
 n - 3 scrolls of amnesia
 o - 2 scrolls of blinking {unknown}
 u - 5 scrolls of teleportation
 x - 3 scrolls of immolation
 D - 3 scrolls of enchant weapon
 M - 2 scrolls of enchant armour {unknown}
 O - a scroll of silence {unknown}
 P - a scroll of magic mapping
Potions
 f - 3 potions of attraction
 j - a potion of brilliance {unknown}
 l - a potion of cancellation {unknown}
 q - 2 potions of haste
 v - a potion of ambrosia
 w - 4 potions of curing
 B - 3 potions of mutation {unknown}
 E - 2 potions of heal wounds {unknown}
 G - 7 potions of degeneration
 H - a potion of magic {unknown}
 I - 2 potions of resistance


   Skills:
 + Level 9.0(14.0) Fighting
 * Level 13.4(18.4) Maces & Flails
 + Level 11.0(16.0) Armour
 + Level 1.5(6.5) Dodging
 + Level 0.8(5.8) Stealth
 + Level 9.7(14.7) Shields
 * Level 2.6 Invocations


You had 11 spell levels left.
You didn't know any spells.
Your spell library contained the following spells:

 Spells                   Type           Power      Damage    Failure   Level
 Magic Dart               Conj           0%         1d3       99%         1
 Blink                    Tloc           0%         N/A       100%        2
 Ensorcelled Hibernation  Hex/Ice        0%         N/A       100%        2
 Passwall                 Tmut/Erth      0%         N/A       100%        2
 Poisonous Vapours        Pois/Air       0%         N/A       100%        2
 Frozen Ramparts          Ice            0%         1d1       100%        3
 Inner Flame              Hex/Fire       0%         N/A       100%        3
 Mephitic Cloud           Conj/Pois/Air  0%         N/A       100%        3
 Portal Projectile        Hex/Tloc       0%         N/A       100%        3
 Swiftness                Air            0%         N/A       100%        3
 Volatile Blastmotes      Fire/Tloc      0%         2d10      100%        3
 Fulminant Prism          Conj/Hex       0%         3d5       100%        4
 Ice Form                 Ice/Tmut       0%         N/A       100%        4
 Iskenderun's Mystic Bla  Conj/Tloc      0%         2d3       100%        4
 Leda's Liquefaction      Hex/Erth       0%         N/A       100%        4
 Manifold Assault         Tloc           0%         N/A       100%        4
 Passage of Golubria      Tloc           0%         N/A       100%        4
 Petrify                  Tmut/Erth      0%         N/A       100%        4
 Alistair's Intoxication  Tmut/Pois      0%         N/A       100%        5
 Freezing Cloud           Conj/Ice/Air   0%         6-21      100%        5
 Lee's Rapid Deconstruct  Erth           0%         3d4*      100%        5
 Metabolic Englaciation   Hex/Ice        0%         N/A       100%        5
 Silence                  Hex/Air        0%         N/A       100%        5
 Yara's Violent Unravell  Hex/Tmut       0%         3d3       100%        5
 Storm Form               Tmut/Air       0%         N/A       100%        7
 Call Imp                 Summ           Unusable   N/A       N/A         2
 Call Canine Familiar     Summ           Unusable   N/A       N/A         3
 Tukima's Dance           Hex            Unusable   N/A       N/A         3
 Summon Ice Beast         Ice/Summ       Unusable   N/A       N/A         4
 Statue Form              Tmut/Erth      Unusable   N/A       N/A         6

Dungeon Overview and Level Annotations

Branches:
Dungeon (11/15)            Temple (1/1) D:4            Lair (2/5) D:9
    Orc (0/2) D:10          IceCv (visited)
  Swamp: Lair:2-3    Shoals: Lair:2-3     Snake: Lair:2-3    Spider: Lair:2-3

Altars:
Ashenzari
Cheibriados
Dithmenos
Elyvilon
Fedhas
Gozag
Hepliaklqana
Kikubaaqudgha
Makhleb
Nemelex Xobeh
Okawaru
Qazlal
Ru
Sif Muna
Trog
Uskayaw
Vehumet
Wu Jian
Xom
Yredelemnul
Zin
The Shining One
Lugonu

Shops:
D:6 **   D:11 ((

Annotations:
Lair:2 Urug


Innate Abilities, Weirdness & Mutations

You are immune to sickness and miasma.
Your stone body is resilient. (AC +8)
You are immune to poison.
You resist negative energy. (rN+)
You are resistant to electric shocks. (rElec)
You are resistant to unholy torment.
You are immune to petrification.


Message History

R - a wand of mindburst (19) (gained 12 charges) Urug throws a javelin.
The javelin pierces through you but does no damage.
Urug throws a javelin.
The javelin pierces through you. Urug completely misses you.
You gain the combat prowess of a mighty hero.
Urug closely misses you.
You fail to use your ability.
Urug adjusts her eyepatch.
You block Urug's attack.
You hit Urug but do no damage. Urug misses you.
You hit Urug but do no damage.
Urug hits you with a +3 glaive of protection!
You barely miss Urug. You whack Urug! You freeze Urug.
Urug is moderately wounded.
Urug hits you with a +3 glaive of protection!
You hit Urug. You freeze Urug.
Urug is moderately wounded.
You hit Urug but do no damage.
Urug is moderately wounded.
Urug hits you with a +3 glaive of protection!
You miss Urug.
Urug is moderately wounded.
You hit Urug but do no damage.
Urug is moderately wounded.
You block Urug's attack.
Urug hits you from afar with a +3 glaive of protection!
Urug hits you with a +3 glaive of protection!
* * * LOW HITPOINT WARNING * * *
A red film seems to cover your vision as you go berserk!
You feel yourself moving faster!
You feel mighty!
Urug hits you with a +3 glaive of protection!
* * * LOW HITPOINT WARNING * * *
You closely miss Urug.
Urug is moderately wounded.
You hit Urug but do no damage.
Urug is moderately wounded.
Urug hits you with a +3 glaive of protection!!
You die...

###.# #..## ###.#
#...# #P..# #..##
##..###...#
#..##...#######
#..###..o##..P###
###..#...........#
###.##..#.###.##o#
.#..###..## ###.@#
....# #.## ##.#
###.###.## #.#
.........# ##.#
.........# #..##
.......#.######...#
.................##
#..........###.###
.........### ###


You could see Urug.

Vanquished Creatures
  Fannar (Lair:1)
  A boulder beetle (D:8)
  A skeletal warrior (D:10)
  A deep elf pyromancer (D:8)
  A mana viper (shapeshifter) (D:8)
  A black mamba (Lair:2)
  3 cane toads (Lair:1)
  A gargoyle (D:11)
  A rime drake (Lair:1)
  An unseen horror (D:10)
  3 komodo dragons (Lair:1)
  2 ice devils (Lair:2)
  3 polar bears
  A troll (D:10)
  2 hornets (D:10)
  4 dream sheep (Lair:2)
  3 wyverns
  3 wraiths
  2 basilisks
  3 yaks (Lair:1)
  2 steam dragons
  Menkaure (D:7)
  4 acid dragons
  15 water moccasins
  Duvessa (D:6)
  A sky beast (D:7)
  5 ice beasts
  5 orc warriors
  5 black bears
  3 centaurs
  6 ogres
  A phantom (D:7)
  A kobold brigand (D:9)
  11 bullfrogs
  A gnoll sergeant (D:3)
  2 scorpions
  Dowan (D:6)
  A wight (D:8)
  11 killer bees
  9 howler monkeys
  An electric eel (D:8)
  2 vampire bats (Lair:1)
  2 jellies
  2 orc priests
  Crazy Yiuf (D:3)
  A hound (D:5)
  A gnoll bouda (D:9)
  6 iguanas
  6 sleepcaps
  7 orc wizards
  10 gnolls
  5 adders
  3 shadow imps
  2 white imps
  3 worms
  A dart slug (D:5)
  31 orcs
  8 endoplasms
  4 giant cockroaches
  5 hobgoblins
  5 jackals
  4 quokkas
  8 ball pythons
  10 bats
  9 goblins
  12 kobolds
  A rat (D:3)
274 creatures vanquished.

Vanquished Creatures (others)
  An adder (D:6)
  50 fungi
  59 plants
110 creatures vanquished.

Grand Total: 384 creatures vanquished

Notes
Turn   | Place    | Note
-------+----------+-------------------------------------------
     0 | D:1      | Arzdou the Gargoyle Fighter began the quest for the Orb.
     0 | D:1      | Reached XP level 1. HP: 14/14 MP: 1/1
   151 | D:1      | Reached XP level 2. HP: 19/19 MP: 2/2
   883 | D:2      | Reached XP level 3. HP: 23/23 MP: 3/3
  1246 | D:2      | Found a faded altar of an unknown god.
  1336 | D:2      | Reached skill level 3 in Maces & Flails
  1338 | D:2      | Reached XP level 4. HP: 29/29 MP: 4/4
  1461 | D:3      | Identified the +10 whip "Lubrapt" {freeze, +Blink Str+3
                  | Int-3 SInv}
  1577 | D:3      | Identified the +4 scale mail "Kucaeh" {Contam rF+ Dex+3
                  | Stlth+}
  1579 | D:3      | Noticed a gnoll sergeant
  1595 | D:3      | Reached XP level 5. HP: 33/33 MP: 5/5
  1599 | D:3      | Reached skill level 4 in Maces & Flails
  1897 | D:3      | Found a hide-covered altar of Uskayaw.
  2253 | D:3      | Found a runed translucent door.
  2254 | D:3      | Noticed Crazy Yiuf
  2317 | D:3      | Reached XP level 6. HP: 37/38 MP: 6/6
  2417 | D:3      | Reached skill level 5 in Maces & Flails
  2428 | D:4      | Found a blossoming altar of Fedhas.
  2618 | D:4      | Noticed a black bear
  2715 | D:4      | Found a stormy altar of Qazlal.
  2978 | D:4      | Reached XP level 7. HP: 35/43 MP: 7/7
  3002 | D:4      | Found a staircase to the Ecumenical Temple.
  3014 | Temple   | Entered the Ecumenical Temple
  3347 | D:4      | Found a shimmering altar of Xom.
  3408 | D:4      | Reached skill level 5 in Armour
  3457 | D:5      | Entered Level 5 of the Dungeon
  3468 | D:4      | Reached skill level 6 in Maces & Flails
  3691 | D:4      | Reached XP level 8. HP: 48/48 MP: 8/8
  3740 | D:4      | Reached skill level 5 in Fighting
  3740 | D:4      | Reached skill level 7 in Maces & Flails
  4169 | D:3      | Killed Crazy Yiuf
  4294 | D:6      | Noticed Duvessa
  4294 | D:6      | Noticed Dowan
  4393 | D:5      | Reached skill level 8 in Maces & Flails
  4435 | D:6      | Found a glowing silver altar of Zin.
  4435 | D:6      | Found a glowing golden altar of the Shining One.
  4439 | D:6      | Found a white marble altar of Elyvilon.
  4529 | D:5      | Reached skill level 5 in Shields
  4570 | D:6      | Reached XP level 9. HP: 55/55 MP: 9/9
  4708 | D:6      | Killed Duvessa
  4712 | D:6      | Killed Dowan
  4749 | D:6      | Reached skill level 9 in Maces & Flails
  4773 | D:6      | Found Onkosaph's General Store.
  4777 | D:6      | Found Vidan's Specific Store.
  5083 | D:7      | Noticed Menkaure
  5101 | D:7      | Killed Menkaure
  5366 | D:7      | Reached skill level 10 in Maces & Flails
  5971 | D:8      | Reached XP level 10. HP: 61/61 MP: 10/10
  5991 | D:8      | Noticed a deep elf pyromancer
  6028 | D:8      | Noticed a mana viper
  6034 | D:8      | Killed a mana viper
  6035 | D:8      | Reached skill level 11 in Maces & Flails
  6402 | D:8      | Found an iron altar of Okawaru.
  6410 | D:8      | Became a worshipper of Warmaster Okawaru
  6695 | D:8      | Noticed a centaur warrior
  7033 | D:8      | Noticed a boulder beetle
  7080 | D:8      | Killed a boulder beetle
  7080 | D:8      | Reached * piety under Okawaru
  7224 | D:8      | Reached ** piety under Okawaru
  7245 | D:8      | Killed a deep elf pyromancer
  7291 | D:8      | Reached skill level 12 in Maces & Flails
  7601 | D:9      | Identified the ring of Dahocrom {rC+ Int+5 SInv}
  7643 | D:9      | Reached XP level 11. HP: 58/67 MP: 11/11
  7726 | D:9      | Reached *** piety under Okawaru
  7729 | D:9      | Reached skill level 1 in Dodging
  7840 | D:9      | Found a staircase to the Lair.
  7898 | D:9      | Found a radiant altar of Vehumet.
  7936 | D:9      | Found a broken altar of Ashenzari.
  7937 | D:9      | Found a basalt altar of Yredelemnul.
  7937 | D:9      | Found an ancient bone altar of Kikubaaqudgha.
  7937 | D:9      | Found a snail-covered altar of Cheibriados.
  8301 | D:10     | Entered Level 10 of the Dungeon
  8396 | D:9      | Reached **** piety under Okawaru
  8808 | D:10     | Found a staircase to the Orcish Mines.
  8827 | D:10     | Identified the +4 leather armour of Irksome Curiosity
                  | {Rampage rPois Int+3}
  9213 | D:11     | Reached skill level 1 in Invocations
  9260 | D:11     | Found Hyschehe's Weapon Emporium.
  9261 | D:11     | Noticed a two-headed ogre
  9300 | D:11     | Found Urooku's Antique Weapon Shop.
  9378 | D:11     | Noticed a cyclops
  9455 | D:11     | Noticed a two-headed ogre
  9470 | D:11     | Noticed a skeletal warrior
  9470 | D:11     | Noticed a skeletal warrior
  9487 | D:11     | Noticed a skeletal warrior
  9512 | D:10     | Killed a skeletal warrior
  9860 | Lair:1   | Entered Level 1 of the Lair of Beasts
  9922 | Lair:1   | Reached ***** piety under Okawaru
  9923 | Lair:1   | Reached skill level 10 in Armour
  9977 | Lair:1   | Received a gift from Okawaru
  9997 | Lair:1   | Noticed Fannar
 10053 | Lair:1   | Killed Fannar
 10129 | Lair:1   | Got the Elucidation of Reshaped Glamour
 10458 | Lair:1   | Reached XP level 12. HP: 75/75 MP: 13/13
 10576 | Lair:1   | Reached skill level 13 in Maces & Flails
 10940 | Lair:1   | Identified the +2 morningstar of Tortfeasance {freeze, rN+
                  | Will- Int+3} (Okawaru gifted it to you on level 1 of the
                  | Lair of Beasts)
 10940 | Lair:1   | Received a gift from Okawaru
 11269 | Lair:2   | Noticed Urug
 11485 | Lair:2   | Found a frozen archway.
 11612 | IceCv    | Entered an ice cave
 12049 | Lair:2   | Slain by Urug

Illustrated notes

Levels and vault maps discovered:
D:1:      dpeg_arrival_more_subterranean_lakeside_camping, layout_basic
D:2:      layout_loops_cross, shapermc_ecumenical_altar_venn
D:3:      layout_loops_ring, nicolae_uskayaw_dance_hall, uniq_crazy_yiuf_cottage
D:4:      layout_basic, grunt_temple_overflow_forces_of_nature,
          mainiacjoe_overflow_paths, minmay_temple_entry_statues_pillars
D:5:      layout_rooms, chequers_serial_rivers_micro_b, minivault_5
D:6:      layout_basic, good_gods_mini_temple, nicolae_specific_store,
          uniq_duvessa
D:7:      layout_cave_pods, uniq_menkaure
D:8:      nzn_winding_woodlands_cross [nzn_winding_woodlands_5x15_zeroes,
          nzn_winding_woodlands_5x15_river_crossing,
          nzn_winding_woodlands_5x15_split_checker,
          nzn_winding_woodlands_5x15_pathside_ponds,
          nzn_winding_woodlands_15x15_killbox], layout_basic,
          mainiacjoe_overflow_small_starburst, kennysheep_small_spiral,
          hangedman_abyss_or_decor_slice, minivault_24, amethyst_killhole
D:9:      layout_gridville, grunt_temple_overflow_open,
          due_lair_maze_entry_diamond, chequers_mini_garden,
          amcnicky_mini_rare_corridor_liquid
D:10:     layout_loops_cross, orc_0_dummy
D:11:     layout_loops_ring, serial_shops, nicolae_shop_stone,
          nicolae_shop_hallway_plus, shop, slow_altar_2
Temple:   kb_corrupted_temple
Lair:1:   layout_concentric_octagons, roderic_batcave, uniq_fannar
Lair:2:   layout_loops_ring, portal_ice_cave_demonic_guard, uniq_urug

Skill      XL: |  1  2  3  4  5  6  7  8  9 10 11 12 |
---------------+-------------------------------------+-----
Maces & Flails | 3 4 5 6 8 10 12 13 | 13.4
Armour         | 4 5 6 7 8 10 11 | 11.0
Fighting       | 4 5 6 7 8 9 |  9.0
Shields        | 4 5 7 8 9 |  9.7
Dodging        | 1 |  1.5
Invocations    | 1 2 |  2.6
Stealth        | |  0.8

Action                     |  1- 3 |  4- 6 |  7- 9 | 10-12 || total
---------------------------+-------+-------+-------+-------++-------
  Melee: Flail             |   111 |     8 |       |       ||   119
         Whip              |       |    92 |   227 |   611 ||   930
 Invoke: Heroism           |       |       |       |    10 ||    10
         Finesse           |       |       |       |     1 ||     1
    Use: Scroll            |       |       |    16 |     3 ||    19
         Potion            |       |       |       |     4 ||     4
 Armour: Scale mail        |     8 |       |       |       ||     8
         Plate armour      |    87 |    45 |    99 |   296 ||   527
  Dodge: Dodged            |    37 |    28 |    42 |   135 ||   242
  Block: Buckler           |    16 |    14 |       |       ||    30
         Kite shield       |       |    10 |    80 |   226 ||   316

Table legend: (Time is in decaauts)
 A = Elapsed time spent in this place.
 B = Non-inter-level travel time spent in this place.
 C = Inter-level travel time spent in this place.
 D = Time resting spent in this place.
 E = Time spent auto-exploring this place.
 F = Levels seen in this place.
 G = Mean time per level.
                   A        B        C        D        E       F      G
               +--------+--------+--------+--------+--------+-----+--------+
         Total |  11861 |  11034 |    827 |    254 |   7853 |  15 |  790.7 |
       Dungeon |   9623 |   9010 |    613 |     51 |   6763 |  11 |  874.8 |
        Temple |    149 |    149 |      0 |      0 |     74 |   1 |  149.0 |
          Lair |   2079 |   1865 |    214 |    203 |   1016 |   2 | 1039.5 |
      Ice Cave |      8 |      8 |      0 |      0 |      0 |   1 |    8.0 |
               +--------+--------+--------+--------+--------+-----+--------+

Top non-repeatable levels by time:
     D:8: 1473 daAuts
  Lair:1: 1094 daAuts
    D:10: 1042 daAuts
     D:4: 1002 daAuts
  Lair:2: 984 daAuts
     D:9: 897 daAuts
     D:3: 880 daAuts
     D:7: 873 daAuts
     D:1: 861 daAuts
     D:2: 779 daAuts
     D:5: 745 daAuts
     D:6: 700 daAuts
    D:11: 365 daAuts
  Temple: 149 daAuts
   IceCv: 8 daAuts
